Match 47037259
Unlisted

Match 47037259
End
Construct Section Command Post
Vickers Machine Gun Team
Infantry Section
Infantry Section
Grenade Package
ML 3-inch Mortar Team
Infantry Section
Construct Platoon Command Post
CMP 15cwt Truck
6-pounder Anti-tank Gun Team
Infantry Training
Construct Company Command Post
Selects Canadian Shock Battlegroup
Selects Incendiary Munitions
Matilda II Heavy Tank
Selects Pyrotechnics
Matilda II Heavy Tank
CMP 15cwt Truck
elevate
HafniumRosky
PonyBay
yarang
frostie
likewind3
0
0

Comments sign in to comment!

No comments posted yet!